 Dungeon Crawl Stone Soup version 0.29-a0-813-g4a14ea37d6 (webtiles) character file.

Game seed: 3505187358406513431

72 LynnLen the Sneak (level 4, -2/24 HPs)
             Began as a Vampire Enchanter on July 5, 2022.
             Slain by a gnoll
             ... wielding a +0 spear
              (3 damage)
             ... on level 3 of the Dungeon.
             The game lasted 00:09:19 (2668 turns).

LynnLen the Sneak (Vampire Enchanter)               Turns: 2668, Time: 00:09:19

Health: -2/24      AC:  4    Str:  7    XL:     4   Next: 6%
Magic:  7/7        EV: 12    Int: 17    God:
Gold:   49         SH:  0    Dex: 16    Spells: 1/7 levels left

rFire   . . .      SeeInvis +   h - +1 dagger (drain)
rCold   + + .      Faith    .   b - orb {mayhem}
rNeg    + + +      Spirit   .   e - +0 leather armour
rPois   ∞          Reflect  .   (no helmet)
rElec   .          Harm     .   f - +0 cloak
rCorr   .          Rampage  .   (no gloves)
Will    .....                   (no boots)
Stlth   +++++.....              (no amulet)
HPRegen 0.00/turn               (no ring)
MPRegen 0.10/turn               (no ring)

@: bloodless, inhibited regen
A: bloodless, fangs 3, see invisible, vampiric 2
a: Bat Form, Revivify


You were on level 3 of the Dungeon.
You visited 1 branch of the dungeon, and saw 3 of its levels.

You collected 49 gold pieces.

Inventory:

Hand Weapons
 h - a +1 dagger of draining (weapon)
Missiles
 g - 7 poisoned darts (quivered)
Armour
 b - an orb of mayhem (worn)
 e - a +0 leather armour (worn)
 f - a +0 cloak (worn)
Scrolls
 a - a scroll of teleportation {unknown}
 i - a scroll of noise {unknown}
 k - a scroll of amnesia {unknown}
Potions
 c - 2 potions of invisibility
 d - 2 potions of heal wounds {unknown}
 j - a potion of magic {unknown}


   Skills:
 + Level 2.0 Short Blades
 * Level 3.0 Dodging
 * Level 5.9 Stealth
 + Level 2.1 Spellcasting
 + Level 4.7 Hexes


You had one spell level left.
You knew the following spells:

 Your Spells              Type           Power      Damage    Failure   Level
a - Confusing Touch       Hex            18%        N/A       12%         3
b - Tukima's Dance        Hex            18%        N/A       12%         3

Your spell library contained the following spells:

 Spells                   Type           Power      Damage    Failure   Level
 Ensorcelled Hibernation  Hex/Ice        18%        N/A       16%         2
 Dazzling Flash           Conj/Hex       18%        N/A       32%         3


Dungeon Overview and Level Annotations

Branches:
Dungeon (3/15)

Altars:

Shops:
D:1 [


Innate Abilities, Weirdness & Mutations

You do not regenerate when monsters are visible.
You are frail without blood (-20% HP).
You can heal yourself when you bite living creatures.
You are immune to poison.
You have razor-sharp teeth.
You have supernaturally acute eyesight. (SInv)
You are afflicted with vampirism and can become a bat while bloodless.


Message History

A goblin comes into view. It is wielding a +0 club.
You closely miss the goblin.
The goblin shouts!
The goblin hits you with a +0 club.
You barely miss the goblin. The goblin barely misses you.
You hit the goblin but do no damage. You drain the goblin.
The goblin is severely wounded.
The goblin barely misses you.
You barely miss the goblin.
The goblin is severely wounded.
The goblin hits you but does no damage.
You barely miss the goblin.
The goblin is severely wounded.
The goblin closely misses you.
You closely miss the goblin.
The goblin is severely wounded.
The goblin hits you with a +0 club.
You closely miss the goblin.
The goblin is severely wounded.
The goblin barely misses you.
You hit the goblin.
You kill the goblin!
You start resting.
HP restored.
There is a stone staircase leading up here.
You climb upwards.
The gnoll misses you.
The gnoll hits you from afar with a +0 halberd!
There is a stone staircase leading down here.
You see here a +1 dagger.
The gnoll hits you with a +0 spear. The gnoll barely misses you.
You climb downwards.
There is a stone staircase leading up here.
You hit the gnoll.
The gnoll is lightly wounded.
The gnoll hits you with a +0 spear!
* * * LOW HITPOINT WARNING * * *
You barely miss the gnoll.
The gnoll is lightly wounded.
The gnoll hits you with a +0 spear.
You die...

.# .# .# .# .#
.# #.#######.#
#...)...@.####.#
#....).g.......#
#.##############
#


You could see a gnoll.

Vanquished Creatures
  A gnoll (D:2)
  An adder (D:2)
  A dart slug (D:1)
  4 endoplasms
  2 giant cockroaches (D:2)
  7 goblins
  5 hobgoblins
  3 jackals (D:2)
  4 kobolds
  6 ball pythons
  4 bats (D:1)
  8 rats
46 creatures vanquished.

Vanquished Creatures (collateral kills)
  A hobgoblin (D:2)
1 creature vanquished.

Vanquished Creatures (others)
  A dancing weapon (D:2)
1 creature vanquished.

Grand Total: 48 creatures vanquished

Notes
Turn   | Place    | Note
-------+----------+-------------------------------------------
     0 | D:1      | LynnLen the Vampire Enchanter began the quest for the Orb.
     0 | D:1      | Reached XP level 1. HP: 13/13 MP: 3/3
    35 | D:1      | Found Giloroc's Armour Shoppe.
   177 | D:1      | Reached XP level 2. HP: 15/19 MP: 5/5
   209 | D:1      | Reached skill level 5 in Stealth
  1175 | D:1      | Gained mutation: You are afflicted with vampirism and can
                  | become a bat while bloodless. [Vampire growth]
  1175 | D:1      | Reached XP level 3. HP: 19/19 MP: 6/6
  1220 | D:1      | Learned a level 3 spell: Confusing Touch
  1224 | D:1      | Learned a level 3 spell: Tukima's Dance
  2444 | D:2      | Reached XP level 4. HP: 12/24 MP: 4/7
  2667 | D:3      | HP: 1/24 [gnoll/+0 spear (8)]
  2668 | D:3      | Slain by a gnoll

Illustrated notes

Levels and vault maps discovered:
D:1:      kennysheep_arrival_forest, layout_loops_cross, serial_shops,
          shop_fountains
D:2:      layout_loops_ring, minmay_between
D:3:      layout_loops_ring, hellmonk_ecumenical_altar_prayer_group,
          wander_ebering_terrifying_dragon_lair

Skill      XL: |  1  2  3  4 |
---------------+-------------+-----
Stealth        | 5 |  5.9
Dodging        | 3 |  3.0
Short Blades   | 2 |  2.0
Spellcasting   | |  2.1
Hexes          | |  4.7

Action                   |  1- 3 |  4- 6 || total
-------------------------+-------+-------++-------
Melee: Dagger            |   144 |    11 ||   155
       Bite              |    12 |       ||    12
 Cast: Tukima's Dance    |     1 |     1 ||     2
 Abil: Exsanguinate      |     1 |       ||     1
  Use: Scroll            |     1 |       ||     1
 Stab: Sleeping          |    15 |     1 ||    16
Armor: Leather armour    |    29 |     1 ||    30
Dodge: Dodged            |    80 |     6 ||    86

Table legend: (Time is in decaauts)
 A = Elapsed time spent in this place.
 B = Non-inter-level travel time spent in this place.
 C = Inter-level travel time spent in this place.
 D = Time resting spent in this place.
 E = Time spent auto-exploring this place.
 F = Levels seen in this place.
 G = Mean time per level.
                   A        B        C        D        E       F      G
               +--------+--------+--------+--------+--------+-----+--------+
         Total |   2656 |   2656 |      0 |   1009 |    604 |   3 |  885.3 |
       Dungeon |   2656 |   2656 |      0 |   1009 |    604 |   3 |  885.3 |
               +--------+--------+--------+--------+--------+-----+--------+

Top non-repeatable levels by time:
     D:1: 1321 daAuts
     D:2: 1126 daAuts
     D:3: 209 daAuts
